 Dungeon Crawl Stone Soup version 0.28-a0-1613-gdaab1c2f9b (webtiles) character file.

Game seed: 14648870824552097324

343 bladeefan the Sneak (level 6, -3/49 HPs)
             Began as a Demonspawn Brigand on Jan 21, 2022.
             Slain by an iguana (6 damage)
             ... on level 3 of the Dungeon.
             The game lasted 00:06:23 (4513 turns).

bladeefan the Sneak (Demonspawn Brigand)            Turns: 4513, Time: 00:06:24

Health: -3/49      AC:  9    Str: 11    XL:     6   Next: 31%
Magic:  6/6        EV:  7    Int: 12    God:
Gold:   174        SH:  0    Dex: 23    Spells: 5/5 levels left

rFire   . . .      SeeInvis .   a - +2 dagger
rCold   . . .      Faith    .   (no shield)
rNeg    . . .      Spirit   .   m - +0 chain mail
rPois   .          Reflect  .   (no helmet)
rElec   .          Harm     .   c - +0 cloak
rCorr   .          Rampage  .   (no gloves)
Will    .....                   (no boots)
Stlth   +.........              (no amulet)
HPRegen 0.16/turn               l - +6 ring of dexterity
MPRegen 0.10/turn               (no ring)

@: no status effects
A: ignite blood 1, powered by death 1, sturdy frame 1
a: no special abilities


You were on level 3 of the Dungeon.
You visited 1 branch of the dungeon, and saw 4 of its levels.

You collected 174 gold pieces.

Inventory:

Hand Weapons
 a - a +2 dagger (weapon)
Missiles
 d - 8 poisoned darts (quivered)
 e - 2 curare-tipped darts {!f}
Armour
 c - a +0 cloak (worn)
 m - a +0 chain mail (worn)
   (You found it on level 3 of the Dungeon)
 q - a scarf of resistance
   (You found it on level 4 of the Dungeon)
Jewellery
 l - a +6 ring of dexterity (left hand)
   (You found it on level 3 of the Dungeon)
 p - a ring of fire
   (You found it on level 4 of the Dungeon)
Scrolls
 b - a scroll of fog
 g - 4 scrolls of identify {unknown}
 i - a scroll of teleportation {unknown}
 k - 2 scrolls of magic mapping {unknown}
 n - a scroll of fear {unknown}
Potions
 f - 2 potions of heal wounds {unknown}
 h - a potion of brilliance {unknown}
 j - 2 potions of curing {unknown}
 o - 2 potions of haste {unknown}


   Skills:
 * Level 4.5 Fighting
 + Level 3.1 Short Blades
 - Level 1.7 Throwing
 + Level 2.6 Dodging
 + Level 4.6 Stealth


You had 5 spell levels left.
You didn't know any spells.
Your spell library contained the following spells:

 Spells                   Type           Power      Damage    Failure   Level
 Sandblast                Erth           0%         2d4       100%        1
 Summon Small Mammal      Summ           0%         N/A       100%        1
 Passwall                 Tmut/Erth      0%         N/A       100%        2
 Call Canine Familiar     Summ           0%         N/A       100%        3
 Stone Arrow              Conj/Erth      0%         3d7       100%        3
 Summon Guardian Golem    Hex/Summ       0%         N/A       100%        3


Dungeon Overview and Level Annotations

Branches:
Dungeon (4/15)
 Temple: D:4-7

Altars:
Qazlal

Shops:
D:2 =


Innate Abilities, Weirdness & Mutations

Your demonic aura sometimes causes spilled blood to erupt in flames.
You regenerate a little health from kills.
Your movements are slightly less encumbered by armour. (ER -2)


Message History

The iguana bites you! The gnoll hits you but does no damage.
Things that are here:
a +0 whip; a +0 robe You hit the iguana but do no damage.
The gnoll barely misses you. The iguana barely misses you.
The gnoll hits you with a +0 spear.
You hit the iguana but do no damage. The gnoll barely misses you.
The iguana barely misses you. The gnoll hits you with a +0 spear.
You hit the iguana but do no damage.
The gnoll hits you from afar with a +0 spear.
* * * LOW HITPOINT WARNING * * *
The iguana bites you.
* * * LOW HITPOINT WARNING * * *
The gnoll hits you but does no damage.
You see here a jackal corpse.
You hit the iguana. The iguana bites you.
* * * LOW HITPOINT WARNING * * *
The gnoll hits you with a +0 club.
* * * LOW HITPOINT WARNING * * *
There is an open door here.
The gnoll hits you but does no damage. The gnoll hits you with a +0 club.
* * * LOW HITPOINT WARNING * * *
The gnoll hits you but does no damage. The gnoll hits you with a +0 club.
* * * LOW HITPOINT WARNING * * *
The gnoll hits you but does no damage. The gnoll barely misses you.
The gnoll hits you but does no damage. The gnoll hits you with a +0 club.
* * * LOW HITPOINT WARNING * * *
The gnoll hits you with a +0 club.
* * * LOW HITPOINT WARNING * * *
The gnoll is no longer moving quickly.
The gnoll hits you with a +0 club.
* * * LOW HITPOINT WARNING * * *
You see here a +0 dagger.
The gnoll barely misses you.
There is an escape hatch in the ceiling here.
Really go through this one-way escape hatch?
Okay, then.
Really go through this one-way escape hatch?
The gnoll hits you with a +0 club.
* * * LOW HITPOINT WARNING * * *
The iguana bites you but does no damage.
A mysterious force pulls you upwards. The hatch slams shut behind you.
As you read the scroll labelled UXAOG QAOG, it crumbles to dust.
The scroll dissolves into smoke.
It was a scroll of fog.
The gnoll hits you with a +0 club.
* * * LOW HITPOINT WARNING * * *
The iguana bites you.
You die...

#################################
...............#.................
##############.#§################
......# #.#g# .####.# #.#@#
.####'#### #.#l# .........#
###.#§######### .........#
#.............# .(>......#
#.#.#.#######<#
.........###.#.#.#.[...#[#
.........+.#.#.#.#.###.#.######
.........#.#.#.#.#.....#......#
...........#.#.#.#####.#......#


You could see an iguana and a gnoll.

Vanquished Creatures
  A necrophage (D:3)
  A scorpion (D:4)
  A gnoll shaman (D:4)
  Terence (D:1)
  An iguana (D:4)
  An adder (D:3)
  A shadow imp (D:4)
  3 worms
  3 dart slugs
  3 orcs (D:3)
  11 endoplasms
  3 giant cockroaches
  9 goblins
  8 hobgoblins
  4 jackals (D:4)
  3 quokkas
  10 ball pythons
  6 bats
  2 frilled lizards (D:1)
  4 kobolds
  4 rats
80 creatures vanquished.

Notes
Turn   | Place    | Note
-------+----------+-------------------------------------------
     0 | D:1      | bladeefan the Demonspawn Brigand began the quest for the
                  | Orb.
     0 | D:1      | Reached XP level 1. HP: 16/16 MP: 1/1
    47 | D:1      | Reached skill level 1 in Dodging
   209 | D:1      | Gained mutation: Your movements are slightly less
                  | encumbered by armour. (ER -2) [demonic ancestry]
   209 | D:1      | Reached XP level 2. HP: 22/23 MP: 2/2
   301 | D:1      | Found a faded altar of an unknown god.
   650 | D:1      | Reached XP level 3. HP: 28/28 MP: 3/3
  1193 | D:2      | Found Riwka's Jewellery Shoppe.
  1596 | D:2      | Noticed Terence
  1743 | D:1      | Killed Terence
  1744 | D:1      | Gained mutation: You regenerate a little health from kills.
                  | [demonic ancestry]
  1744 | D:1      | Reached XP level 4. HP: 11/35 MP: 4/4
  2966 | D:3      | Noticed a necrophage
  2993 | D:3      | Killed a necrophage
  2994 | D:3      | Reached XP level 5. HP: 22/42 MP: 5/5
  3156 | D:3      | Found a stormy altar of Qazlal.
  3715 | D:4      | Gained mutation: Your demonic aura sometimes causes spilled
                  | blood to erupt in flames. [demonic ancestry]
  3715 | D:4      | Reached XP level 6. HP: 22/48 MP: 6/6
  4513 | D:3      | Slain by an iguana

Illustrated notes

Levels and vault maps discovered:
D:1:      nzn_arrival_depleted_hourglass, layout_basic,
          dreamdust_ecumenical_altar_statues
D:2:      layout_basic, serial_shops, shop_fountains, uniq_terence
D:3:      layout_basic, lemuel_coloured_pillars_altar
D:4:      layout_basic

Skill      XL: |  1  2  3  4  5 |
---------------+----------------+-----
Dodging        | 1 2 |  2.6
Short Blades   | 2 3 |  3.1
Fighting       | 3 4 |  4.5
Stealth        | 4 |  4.6
Throwing       | |  1.7

Action                   |  1- 3 |  4- 6 || total
-------------------------+-------+-------++-------
Melee: Dagger            |   118 |   222 ||   340
       Punch             |     1 |     4 ||     5
Throw: Dart              |     6 |     6 ||    12
  Use: Scroll            |       |     1 ||     1
 Stab: Sleeping          |    11 |       ||    11
Armor: Robe              |    27 |    22 ||    49
       Chain mail        |       |    79 ||    79
Dodge: Dodged            |    55 |    90 ||   145

Table legend: (Time is in decaauts)
 A = Elapsed time spent in this place.
 B = Non-inter-level travel time spent in this place.
 C = Inter-level travel time spent in this place.
 D = Time resting spent in this place.
 E = Time spent auto-exploring this place.
 F = Levels seen in this place.
 G = Mean time per level.
                   A        B        C        D        E       F      G
               +--------+--------+--------+--------+--------+-----+--------+
         Total |   4469 |   4361 |    108 |    571 |   2895 |   4 | 1117.2 |
       Dungeon |   4469 |   4361 |    108 |    571 |   2895 |   4 | 1117.2 |
               +--------+--------+--------+--------+--------+-----+--------+

Top non-repeatable levels by time:
     D:3: 1440 daAuts
     D:1: 1195 daAuts
     D:2: 976 daAuts
     D:4: 857 daAuts
